 Dungeon Crawl Stone Soup version bcrawl-1.20.1 (webtiles) character file.

Game seed: 12061520131530743032

34 Freyura the Skirmisher (level 3, -2/29 HPs)
             Began as a Demonspawn Abyssal Knight on Jan 24, 2020.
             Was a Believer of Lugonu.
             Slain by an ogre
             ... wielding a +0 giant club
              (26 damage)
             ... on level 2 of the Dungeon.
             The game lasted 00:01:56 (1157 turns).

Freyura the Skirmisher (Demonspawn Abyssal Knight)  Turns: 1157, Time: 00:01:56

Health: -2/29      AC:  3    Str: 12    XL:     3   Next: 14%
Magic:  5/5        EV:  8    Int: 13    God:    Lugonu [**....]
Gold:   81         SH:  6    Dex: 13    Spells: 2/2 levels left

rFire    . . .     SeeInvis .   a - +1 mace
rCold    . . .     Gourm    .   i - +0 shield
rNeg     . . .     Faith    .   b - +0 leather armour
rPois    .         Spirit   .   (no helmet)
rElec    .         Reflect  .   (no cloak)
rCorr    .         Harm     .   (no gloves)
MR       .....                  (no boots)
Stlth    +.........             (no amulet)
HPRegen  0.09/turn              (no ring)
MPRegen  0.09/turn              (no ring)

@: no status effects
A: claws 1
a: Depart the Abyss, Bend Space, Banish, Renounce Religion


You were on level 2 of the Dungeon.
You worshipped Lugonu.
Lugonu was pleased with you.
You were not hungry.

You visited 1 branch of the dungeon, and saw 2 of its levels.
You visited the Abyss 1 time.

You collected 81 gold pieces.

Inventory:

Hand Weapons
 a - a +1 mace (weapon)
Missiles
 c - 10 tomahawks of dispersal (quivered)
 d - 411 stones
Armour
 b - a +0 leather armour (worn)
 i - a +0 shield (worn)
Scrolls
 f - a scroll of teleportation {unknown}
 g - 2 scrolls of identify {unknown}
 h - a scroll of fear {unknown}
Potions
 j - a potion of cancellation {unknown}
Comestibles
 e - 2 rations {!d}
 k - a chunk of flesh


   Skills:
 + Level 3.3 Fighting
 * Level 2.3 Maces & Flails
 - Level 0.8 Throwing
 + Level 2.1 Armour
 + Level 1.2 Dodging
 + Level 0.0 Shields
 + Level 3.1 Invocations


You had 2 spell levels left.
You didn't know any spells.
Your spell library was empty.

Dungeon Overview and Level Annotations

Branches:
Dungeon (2/12)

Altars:
Nemelex Xobeh


Innate Abilities, Weirdness & Mutations

You have sharp fingernails.


Message History

You hit the ooze.
The ooze is lightly wounded.
The ooze hits you.
You sock the ooze!
The ooze is almost dead.
The ooze hits you but does no damage. You block the ooze's attack.
The jackal barely misses you.
The jackal bites you but does no damage.
The jackal closely misses you. You block the jackal's attack.
The jackal bites you but does no damage.
A rat comes into view.
A ball python comes into view.
The jackal bites you. x3; The jackal barely misses you.
The ball python hisses angrily.
The jackal barely misses you.
Found a stone staircase leading up.
The ogre hits you with a +0 giant club!!
Ouch! That really hurt!
You die...

##### .###...###. #....
............ ##.#....
...........##.......
....r..............
#...# #........#.. #...#
#........#..
..#.###...###........##+
#......@hh...........##.
......S#O.J.............
.......#................
.<.....#................
#......#.............##'
#......#.......#####.#..
#....................#.⌠
.....................#..
..#...............##+


You could see an ogre, an ooze, 2 jackals, a ball python and a rat.

Vanquished Creatures
  An ooze (D:1)
  A worm (D:2)
  A dart slug (D:2)
  4 bats (D:1)
  A giant cockroach (D:1)
  3 goblins (D:1)
  5 hobgoblins
  5 kobolds
  A ball python (D:1)
  3 frilled lizards
  A rat (D:1)
26 creatures vanquished.

Notes
Turn   | Place    | Note
-------+----------+-------------------------------------------
     0 | Abyss:1  | Freyura the Demonspawn Abyssal Knight began the quest for
                  | the Orb.
     0 | Abyss:1  | Reached XP level 1. HP: 18/18 MP: 2/2
    10 | D:1      | Escaped the Abyss
   110 | D:1      | Reached skill level 1 in Dodging
   135 | D:1      | Gained mutation: You have sharp fingernails. [demonic
                  | ancestry]
   135 | D:1      | Reached XP level 2. HP: 24/24 MP: 4/4
   536 | D:1      | Reached ** piety under Lugonu
   996 | D:2      | Reached XP level 3. HP: 18/29 MP: 5/5
  1143 | D:2      | Found a sparkling altar of Nemelex Xobeh.
  1144 | D:2      | Noticed an ogre
  1157 | D:2      | Slain by an ogre

Skill      XL: |  1  2 |
---------------+-------+-----
Dodging        | 1 |  1.2
Maces & Flails | 2 |  2.3
Armour         | 2 |  2.1
Invocations    | 3 |  3.1
Fighting       | |  3.3
Throwing       | |  0.8

Action                   || total
-------------------------++-------
Melee: Mace              ||    84
  Eat: Chunk             ||     1
Armor: Leather armour    ||    30
Dodge: Dodged            ||    60
Block: Shield            ||     4
